cohdb
Replays
Latest Replays
All Replays
Popular Replays
Top Player Replays
Match Explorer
How It Works
Community
CoH3 Stats
Reddit
Sign in to upload your games and track your stats! →
Sign in with Steam
Match 43624457
Unlisted
Match 43624457
Overview
Messages
Build Orders
End
Panzergrenadier Squad
250 Light Carrier
Panzergrenadier Squad
Panzergrenadier Squad
250 Light Carrier
Construct Light Support Kompanie
Assault Mechanized Group
Selects Armored Support Battlegroup
Selects Salvage Kits
Panzerjäger Squad
Fire Support Elements
Veteran Squad Leaders
Flakvierling Half-track
Pak 38 Anti-tank Gun Team
Selects Panzer Storm
Construct Panzerarmee Kommand
Selects Veteran Gunners
Panzer III L Medium Tank
Vehicle Survival Package
Selects Stuka Dive Bomb
Stuka Dive Bomb
Armored Reserves
Tiger Heavy Tank
Stuka Dive Bomb
Emergency Repair Kits
Walking Stuka Rocket Launcher
Stuka Dive Bomb
Rapid Advance
Selects Flammpanzer III Medium Tank
Tungsten Core Ammunition
Jeremy
JT
陈浩南
只出曲线
Petranodon
Bismarck
Taka_nL
Zannen
0
0
Comments
sign in to comment!
No comments posted yet!